 Dungeon Crawl Stone Soup version 0.30.1-4-g462c640d31 (webtiles) character file.

Game seed: 9648055499616047961

18555 spardeous the Thaumaturge (level 12, -11/91 HPs)
             Began as a Demigod Conjurer on Aug 10, 2023.
             Hit by a large rock thrown by a cyclops (43 damage)
             ... on level 13 of the Dungeon.
             The game lasted 00:26:06 (19516 turns).

spardeous the Thaumaturge (Demigod Conjurer)       Turns: 19516, Time: 00:26:07

Health: -11/91     AC:  9    Str: 19    XL:     12   Next: 2%
Magic:  26/40      EV: 12    Int: 27    God:
Gold:   526        SH:  5    Dex: 16    Spells: 8/33 levels left

rFire   . . .        m - staff of conjuration
rCold   . . .        (no shield)
rNeg    . . .        B - +0 steam dragon scales
rPois   +            (no helmet)
rElec   .            (no cloak)
rCorr   .            G - +0 pair of gloves
SInv    +            J - +2 pair of boots "Qezogem" {SInv}
Will    +....        D - amulet of reflection
Stlth   ++           k - ring of Aclieppu {rPois MP+9 Str+3 Int+3}
HPRegen 0.35/turn    M - ring of the Mage {Wiz Archmagi}
MPRegen 0.27/turn

%: reflection, wizardry (x1), archmagi
@: studying Earth Magic
A: high MP 1, forlorn, divine attributes
a: no special abilities


You were on level 13 of the Dungeon.
You visited 1 branch of the dungeon, and saw 13 of its levels.
You also visited: Sewer.

You collected 834 gold pieces.
You spent 308 gold pieces at shops.

Inventory:

Hand Weapons
 v - a +2 dagger of venom
 V - the +4 eveningstar "Duthrogill" {heavy, rElec Str+7 Int-5 Dex-5}
   (You found it on level 11 of the Dungeon)

   Str:       It affects your strength (+7).
   Int:       It affects your intelligence (-5).
   Dex:       It affects your dexterity (-5).
   rElec:     It insulates you from electricity.
Missiles
 c - 3 throwing nets
Armour
 a - a +0 robe
 n - a +0 ring mail
 B - +0 steam dragon scales (worn)
 G - a +0 pair of gloves (worn)
 J - the +2 pair of boots "Qezogem" (worn) {SInv}
   (You bought it in a shop on level 4 of the Dungeon)

   SInv:      It lets you see invisible.
Magical Staves
 g - a staff of earth
 m - a staff of conjuration (weapon)
 L - a staff of poison
Jewellery
 k - the ring of Aclieppu (left hand) {rPois MP+9 Str+3 Int+3}
   (You acquired it on level 7 of the Dungeon)

   [ring of poison resistance]

   Str:       It affects your strength (+3).
   Int:       It affects your intelligence (+3).
   rPois:     It protects you from poison.
   MP:        It affects your magic capacity (+9).
 p - a +6 ring of intelligence
 D - an amulet of reflection (around neck)
 K - a ring of fire
 M - the ring of the Mage (right hand) {Wiz Archmagi}
   (You acquired it on level 7 of the Dungeon)

   [ring of wizardry]

   It improves your spell success rate.
   Archmagi:  It increases the power of your magical spells.
 N - the ring of Xom's Wantonness {EV+5 Dex+3}
   (You took it off an orc on level 7 of the Dungeon)

   [ring of evasion]

   EV:        It affects your evasion (+5).
   Dex:       It affects your dexterity (+3).
 O - a +5 ring of evasion
 R - a ring of positive energy
 S - a ring of protection from cold
 W - a ring of flight
 Y - an amulet of the acrobat
Wands
 x - a wand of digging (4)
 y - a wand of paralysis (8)
 H - a wand of polymorph (9)
 U - a wand of quicksilver (9)
Scrolls
 d - 3 scrolls of enchant weapon
 f - 4 scrolls of brand weapon
 i - 3 scrolls of blinking
 o - 4 scrolls of immolation {unknown}
 q - 3 scrolls of noise
 r - 4 scrolls of fog
 w - 6 scrolls of teleportation {unknown}
 z - 2 scrolls of vulnerability
 A - 3 scrolls of amnesia {unknown}
 C - 4 scrolls of fear
 P - a scroll of identify
 Q - a scroll of torment
 T - a scroll of magic mapping
Potions
 b - 2 potions of lignification
 e - a potion of berserk rage
 h - 8 potions of curing {unknown}
 j - 5 potions of heal wounds {unknown}
 l - a potion of degeneration
 s - 2 potions of haste {unknown}
 t - 2 potions of invisibility {unknown}
 u - 2 potions of might {unknown}
 E - 3 potions of brilliance
 F - a potion of cancellation {unknown}
 I - 2 potions of flight {unknown}
 X - 2 potions of mutation


   Skills:
 + Level 4.2 Fighting
 - Level 2.1 Dodging
 - Level 1.7 Stealth
 - Level 11.1 Spellcasting
 - Level 10.2 Conjurations
 - Level 8.8 Translocations
 - Level 4.9 Transmutations
 - Level 1.2 Earth Magic


You had 8 spell levels left.
You knew the following spells:

 Your Spells              Type           Power      Damage    Failure   Level
a - Magic Dart            Conj           100%       1d8       1%          1
b - Searing Ray           Conj           100%       2d8       1%          2
c - Iskenderun's Mystic   Conj/Tloc      99%        2d19      1%          4
d - Storm Form            Tmut/Air       21%        N/A       98%         7
e - Stone Arrow           Conj/Erth      100%       3d13      1%          3
f - Fulminant Prism       Conj/Hex       38%        3d17      1%          4
x - Manifold Assault      Tloc           76%        N/A       1%          4

Your spell library contained the following spells:

 Spells                   Type           Power      Damage    Failure   Level
 Apportation              Tloc           100%       N/A       1%          1
 Freeze                   Ice            88%        1d9       1%          1
 Sandblast                Erth           64%        2d14      1%          1
 Blink                    Tloc           100%       N/A       1%          2
 Passwall                 Tmut/Erth      39%        N/A       1%          2
 Dazzling Flash           Conj/Hex       100%       N/A       1%          3
 Hailstorm                Conj/Ice       77%        3d16      1%          3
 Frozen Ramparts          Ice            44%        1d7       4%          3
 Ice Form                 Ice/Tmut       42%        N/A       6%          4
 Animate Armour           Summ/Erth      54%        N/A       12%         4
 Leda's Liquefaction      Hex/Erth       13%        N/A       12%         4
 Summon Ice Beast         Ice/Summ       22%        N/A       16%         4
 Alistair's Intoxication  Tmut/Pois      28%        N/A       16%         5
 Lee's Rapid Deconstruct  Erth           16%        3d10*     26%         5
 Statue Form              Tmut/Erth      31%        N/A       52%         6
 Lehudib's Crystal Spear  Conj/Erth      40%        10d10     100%        8


Dungeon Overview and Level Annotations

Branches:
Dungeon (13/15)            Temple (0/1) D:7            Lair (0/5) D:9
    Orc (0/2) D:9           Sewer (visited)
 Vaults: D:13-14

Shops:
D:4 [   D:12 *


Innate Abilities, Weirdness & Mutations

You have an increased reservoir of magic. (+10% MP)
You shall have no god before yourself.
Your divine heritage dramatically boosts your attributes as you level up.


Message History

The cyclops closely misses you.
Casting: Iskenderun's Mystic Blast (safe; 1% risk of failure)
Confirm with . or Enter, or press ? or * to list all spells.
You feel a strong surge of power!
You erupt in a blast of force!
The mystic blast hits the cyclops!!
The cyclops is almost dead.
The acid dragon roars!
You now have 33/40 mp.
Casting: Iskenderun's Mystic Blast (safe; 1% risk of failure)
Confirm with . or Enter, or press ? or * to list all spells.
You feel a strong surge of power!
You erupt in a blast of force!
The mystic blast hits the cyclops.
The cyclops is almost dead.
The cyclops is knocked back by the mystic blast.
The acid dragon spits acid at you. The splash of acid hits you!
The acid corrodes you!
You take 17 damage, and have 74/91 hp.
You now have 29/40 mp.
Casting: Iskenderun's Mystic Blast (safe; 1% risk of failure)
Confirm with . or Enter, or press ? or * to list all spells.
You feel a strong surge of power!
You erupt in a blast of force!
The mystic blast hits the acid dragon!!
You kill the acid dragon!
The acid dragon scales are intact enough to wear.
The cyclops throws a large rock.
The large rock hits you!!!
Ouch! That really hurt!
* * * LOW HITPOINT WARNING * * *
You take 48 damage, and have 27/91 hp.
MASSIVE DAMAGE!!
You now have 26/40 mp.
There is an open door here.
You start resting.
You are no longer corroded.
You start resting.
A cyclops is nearby!
You regained 2 hp, and now have 32/91 hp.
Casting: Iskenderun's Mystic Blast (safe; 1% risk of failure)
Confirm with . or Enter, or press ? or * to list all spells.
You feel a strong surge of power!
You erupt in a blast of force!
The mystic blast hits the cyclops.
The cyclops is almost dead.
The cyclops throws a large rock.
The large rock hits you!!!
You die...

########### ######
#.....>...# .....#
#....)^...#
.....#######.........#
.....'.....'.........#
....(#######.........#
.....# #.........#
.....# #.........#
'##### #....@....#
..## ###C#######
#..#### #.....[.#
##....# #######C#
####.### .... #...#
...DC.# #.#.#####
.......# ...#.....#
.?......# #####.###.#
D......<.#


You could see a cyclops.

Vanquished Creatures
  A hydra (D:13)
  A catoblepas (D:11)
  A centaur warrior (D:13)
  4 two-headed ogres
  A tengu warrior (D:13)
  An ugly thing (D:7)
  2 cyclopes (D:12)
  4 gargoyles
  An unseen horror (D:10)
  A tengu conjurer (D:13)
  4 trolls
  Grinder (D:3)
  3 slime creatures (D:12)
  3 shadows
  2 wraiths
  2 vampires
  3 wyverns
  3 basilisks (D:11)
  16 yaks
  A steam dragon (D:6)
  3 acid dragons
  5 water moccasins
  2 ice beasts
  3 sky beasts
  3 orc warriors
  2 ogres (D:6)
  2 centaurs (D:8)
  2 phantoms
  4 kobold brigands
  3 bullfrogs
  2 gnoll sergeants
  2 scorpions (D:5)
  9 wights
  17 killer bees
  The ghost of mUm121 the Magician, a weakling DsWn (D:3)
  A howler monkey (D:4)
  5 jellies
  2 hounds
  A gnoll bouda (D:7)
  4 orc priests
  A sleepcap (D:5)
  4 iguanas
  Natasha (thrice) (D:2)
  6 orc wizards
  A scorpion simulacrum (D:3)
  8 adders
  16 gnolls
  9 river rats (Sewer)
  2 hound simulacra (D:3)
  A shadow imp (D:6)
  An ufetubus (D:5)
  2 worms
  3 dart slugs
  26 orcs
  A bat (D:1)
  7 endoplasms
  2 giant cockroaches (D:4)
  8 goblins
  9 hobgoblins
  5 jackals
  8 quokkas
  7 ball pythons
  A ball python simulacrum (D:3)
  5 frilled lizards
  2 giant cockroach simulacra (D:3)
  23 kobolds
  16 rats
305 creatures vanquished.

Vanquished Creatures (others)
  5 dream sheep (D:3)
5 creatures vanquished.

Grand Total: 310 creatures vanquished

Notes
Turn   | Place    | Note
-------+----------+-------------------------------------------
     0 | D:1      | spardeous the Demigod Conjurer began the quest for the Orb.
     0 | D:1      | Reached XP level 1. HP: 14/14 MP: 5/5
   165 | D:1      | Reached skill level 2 in Spellcasting
   441 | D:1      | Reached XP level 2. HP: 20/20 MP: 5/7
   722 | D:1      | You fall into a shaft and drop 1 floor!
   823 | D:2      | Reached XP level 3. HP: 26/26 MP: 2/9
   920 | D:2      | Learned a level 2 spell: Searing Ray
  1029 | D:2      | HP: 1/26 [gnoll/+0 whip (2)]
  1200 | D:2      | Noticed Natasha
  1204 | D:2      | Killed Natasha
  1205 | D:2      | Reached skill level 3 in Spellcasting
  1205 | D:2      | Reached XP level 4. HP: 31/33 MP: 5/11
  2010 | D:2      | Noticed Natasha
  2047 | D:2      | Killed Natasha
  2055 | D:2      | Learned a level 4 spell: Iskenderun's Mystic Blast
  2569 | D:2      | Noticed Natasha
  2572 | D:2      | Killed Natasha
  2573 | D:2      | Reached skill level 5 in Conjurations
  2623 | D:3      | Noticed Grinder
  2629 | D:3      | Paralysed by Grinder for 5 turns
  2640 | D:3      | Killed Grinder
  2641 | D:3      | Reached XP level 5. HP: 22/38 MP: 1/12
  2641 | D:3      | Reached XP level 6. HP: 26/45 MP: 1/13
  3244 | D:3      | Found a runed translucent gate.
  3244 | D:3      | Found a runed translucent gate.
  3244 | D:3      | Found a runed translucent gate.
  3278 | D:3      | Noticed mUm121's ghost (weakling DsWn)
  3412 | D:3      | Noticed a dream sheep
  3412 | D:3      | Noticed a dream sheep
  3412 | D:3      | Noticed a dream sheep
  3412 | D:3      | Noticed a dream sheep
  3412 | D:3      | Noticed a dream sheep
  3413 | D:3      | Killed a dream sheep
  3413 | D:3      | Killed a dream sheep
  3413 | D:3      | Killed a dream sheep
  3413 | D:3      | Killed a dream sheep
  3413 | D:3      | Killed a dream sheep
  3934 | D:4      | Found a glowing drain.
  4032 | Sewer    | Entered a sewer
  4155 | Sewer    | Reached skill level 1 in Translocations
  4532 | Sewer    | Reached XP level 7. HP: 50/50 MP: 9/14
  5835 | D:4      | Reached skill level 5 in Translocations
  6355 | D:4      | Found Deurenn's Armour Emporium.
  6876 | D:5      | Entered Level 5 of the Dungeon
  7217 | D:5      | Reached XP level 8. HP: 57/57 MP: 9/15
  9494 | D:7      | Reached XP level 9. HP: 62/62 MP: 8/18
  9667 | D:7      | Reached skill level 4 in Spellcasting
  9866 | D:7      | Noticed a cyan ugly thing
 10182 | D:7      | Killed a cyan ugly thing
 10183 | D:7      | Reached skill level 5 in Spellcasting
 10481 | D:4      | Bought the +2 pair of boots "Qezogem" {SInv} for 308 gold
                  | pieces
 10717 | D:3      | Killed mUm121's ghost
 11071 | D:7      | Reached skill level 6 in Spellcasting
 11137 | D:7      | Identified the ring of Xom's Wantonness {EV+5 Dex+3}
 11243 | D:7      | Found a staircase to the Ecumenical Temple.
 11539 | D:7      | Identified 2 scrolls of acquirement
 11541 | D:7      | Acquired the ring of the Mage {Wiz Archmagi}
 11541 | D:7      | Found the ring of the Mage {Wiz Archmagi}
 11548 | D:7      | Acquired the ring of Aclieppu {rPois MP+9 Str+3 Int+3}
 11671 | D:8      | Reached skill level 7 in Spellcasting
 11738 | D:8      | Noticed a two-headed ogre
 11742 | D:8      | Killed a two-headed ogre
 12201 | D:8      | Reached skill level 8 in Spellcasting
 12209 | D:8      | Reached XP level 10. HP: 69/69 MP: 15/26
 13006 | D:9      | Reached skill level 9 in Spellcasting
 13362 | D:9      | Found a staircase to the Orcish Mines.
 13454 | D:9      | Found a staircase to the Lair.
 13537 | D:9      | Noticed a two-headed ogre
 13541 | D:9      | Killed a two-headed ogre
 13542 | D:9      | Reached skill level 10 in Spellcasting
 14291 | D:9      | Learned a level 4 spell: Manifold Assault
 14378 | D:10     | Entered Level 10 of the Dungeon
 14538 | D:10     | Reached skill level 11 in Spellcasting
 14677 | D:10     | Reached XP level 11. HP: 68/74 MP: 27/30
 15251 | D:10     | Learned a level 7 spell: Storm Form
 15255 | D:10     | Learned a level 3 spell: Stone Arrow
 15260 | D:10     | Learned a level 4 spell: Fulminant Prism
 16317 | D:11     | Noticed a two-headed ogre
 16347 | D:11     | Killed a two-headed ogre
 16491 | D:11     | Noticed a two-headed ogre
 16512 | D:11     | Killed a two-headed ogre
 16666 | D:11     | Noticed a catoblepas
 16691 | D:11     | Killed a catoblepas
 16692 | D:11     | Reached skill level 10 in Conjurations
 16749 | D:11     | Got the +4 eveningstar "Duthrogill" {heavy, rElec Str+7
                  | Int-5 Dex-5}
 17273 | D:11     | Reached skill level 1 in Transmutations
 18229 | D:12     | Found Gozag's Platinum Reserve.
 18938 | D:13     | Reached skill level 1 in Earth Magic
 19088 | D:13     | Noticed a tengu warrior
 19101 | D:13     | Killed a tengu warrior
 19102 | D:13     | Reached skill level 1 in Fighting
 19263 | D:13     | Noticed a seven-headed hydra
 19274 | D:13     | Killed a seven-headed hydra
 19430 | D:13     | Noticed a centaur warrior
 19432 | D:13     | Killed a centaur warrior
 19433 | D:13     | Reached XP level 12. HP: 78/91 MP: 31/31
 19516 | D:13     | Hit by a large rock thrown by a cyclops

Illustrated notes

Levels and vault maps discovered:
D:1:      minmay_arrival_up_and_down, layout_loops_ring,
          dreamdust_ecumenical_altar_angels_and_demons, serial_bayou_lake_a
D:2:      layout_loops_corners, basic_altar, uniq_natasha
D:3:      layout_basic, nicolae_overflow_hallway_of_the_gods, zin_academy,
          kb_xom_exploding_sheep, nicolae_overflow_quartered_altars,
          gammafunk_ghost_icy, uniq_grinder
D:4:      wander_river, layout_gridville, serial_shops,
          nicolae_shop_real_fake_doors, gup_sewer_entry_glass, solitary_fountain
D:5:      layout_basic
D:6:      layout_basic
D:7:      layout_gridville, minmay_temple_entry_large_hall
D:8:      layout_loops_corners, st_stairs_1
D:9:      layout_basic, dpeg_oklobed_lair, dk_noncrumbling_3
D:10:     layout_rooms, st_stairs_11
D:11:     minmay_roctagon, layout_layer_cave
D:12:     layout_small_grid, grunt_decor_clamped,
          nicolae_gozag_zags_fifth_avenue
D:13:     layout_roguey

Skill      XL: |  1  2  3  4  5  6  7  8  9 10 11 |
---------------+----------------------------------+-----
Spellcasting   | 2 3 8 11 | 11.1
Conjurations   | 4 6 7 10 | 10.2
Translocations | 2 6 8 |  8.8
Dodging        | 2 |  2.1
Transmutations | 4 |  4.9
Earth Magic    | 1 |  1.2
Fighting       | 4 |  4.2
Stealth        | |  1.7

Action                     |  1- 3 |  4- 6 |  7- 9 | 10-12 || total
---------------------------+-------+-------+-------+-------++-------
  Melee: Unarmed           |     7 |       |       |       ||     7
         Staff             |       |       |    10 |    22 ||    32
         Punch             |       |       |       |     1 ||     1
   Cast: Magic Dart        |    55 |    96 |   160 |       ||   311
         Searing Ray       |     4 |    11 |    23 |       ||    38
         Iskenderun's Myst |       |       |    65 |   160 ||   225
    Use: Potion            |       |       |     2 |       ||     2
         Scroll            |       |       |     9 |     8 ||    17
 Armour: Robe              |     2 |       |       |       ||     2
         Ring mail         |       |     4 |    23 |       ||    27
         Steam dragon scal |       |       |    42 |    21 ||    63
  Dodge: Dodged            |    22 |    12 |    98 |    52 ||   184
  Block: Other             |       |       |    25 |    22 ||    47
         Reflection        |       |       |     1 |     5 ||     6
